 Dungeon Crawl Stone Soup version 0.24.0-13-gcf9b3192b9 (webtiles) character file.

Game seed: 12348296102460563194, levelgen mode: deterministic

48 Metae the Skirmisher (level 3, -1/35 HPs)
             Began as a Minotaur Gladiator on Nov 10, 2019.
             Killed by divine providence
             ... invoked by an orc priest
              (12 damage)
             ... on level 2 of the Dungeon.
             The game lasted 00:03:32 (1167 turns).

Metae the Skirmisher (Minotaur Gladiator)           Turns: 1167, Time: 00:03:33

Health: -1/35      AC:  6    Str: 19    XL:     3   Next: 50%
Magic:  2/2        EV: 12    Int:  5    God:
Gold:   42         SH:  0    Dex: 11    Spells: 2/2 levels left

rFire    . . .     SeeInvis .   a - +0 trident
rCold    . . .     Gourm    .   (no shield)
rNeg     . . .     Faith    .   b - +0 leather armour
rPois    .         Spirit   .   c - +0 hat
rElec    .         Reflect  .   (no cloak)
rCorr    .         Harm     .   (no gloves)
MR       .....                  g - +2 pair of boots
Stlth    +.........             (no amulet)
HPRegen  0.11/turn              (no ring)
MPRegen  0.08/turn              (no ring)

@: lightly drained
A: retaliatory headbutt, horns 2
a: no special abilities


You were on level 2 of the Dungeon.
You were not hungry.

You visited 1 branch of the dungeon, and saw 2 of its levels.

You collected 42 gold pieces.

Inventory:

Hand Weapons
 a - a +0 trident (weapon)
 p - a +1 dagger of draining
Missiles
 d - 3 throwing nets (quivered)
Armour
 b - a +0 leather armour (worn)
 c - a +0 hat (worn)
 g - a +2 pair of boots (worn)
Scrolls
 h - a scroll of enchant weapon {unknown}
 i - a scroll of teleportation {unknown}
 j - a scroll of remove curse {unknown}
 l - a scroll of fog {unknown}
 m - 2 scrolls of identify {unknown}
 n - a scroll of fear {unknown}
 o - a scroll of blinking {unknown}
Potions
 e - a potion of cancellation {unknown}
 k - 3 potions of curing {unknown}
Comestibles
 f - 5 rations


   Skills:
 + Level 4.8(4.3) Fighting
 - Level 3.6(3.1) Polearms
 - Level 2.0(1.5) Throwing
 - Level 3.2(2.8) Dodging


You had 2 spell levels left.
You didn't know any spells.
Your spell library was empty.

Dungeon Overview and Level Annotations

Branches:
Dungeon (2/15)

Altars:
Hepliaklqana


Innate Abilities, Weirdness & Mutations

You reflexively headbutt those who attack you in melee.
You have a pair of horns on your head.


Message History

The orc is severely wounded.
The orc closely misses you. You furiously retaliate!
You headbutt the orc!
You kill the orc!
The orc hits you but does no damage.
Things that are here:
a +0 flail x2; an orc corpse You puncture the orc!
You kill the orc!
You closely miss the orc. Your headbutt misses the orc.
The orc barely misses you.
You closely miss the orc. The orc hits you but does no damage.
You barely miss the orc. The orc barely misses you. You furiously retaliate!
You headbutt the orc! You closely miss the orc. You headbutt the orc.
You kill the orc!
You puncture the orc priest! You headbutt the orc priest!
The orc priest is almost dead.
The orc priest invokes the aid of Beogh against you.
Beogh smites you!
You die...

#..#.........##.....
#....#######..#.....
#...###$⌠$# .####.#
#[..##.....## # #.#
#.###...#.......#.####.#
#..[....#.#...#.#.......
....#.#.#...o...#.......
....#.#.#.oo....#.......
... #.#@#.......#.####..
.. ..#o#.#...#.# ### .
#o#.......#.# #..
#...........# #..
#####...##### #.. #.###
#.. #.# #.. ..# #.. ..##
#..


You could see an orc priest and an orc.

Vanquished Creatures
  An adder (D:2)
  A worm (D:2)
  A leopard gecko (D:2)
  4 orcs (D:2)
  4 goblins (D:1)
  2 hobgoblins (D:1)
  3 jackals (D:1)
  6 bats
  2 frilled lizards (D:1)
  5 rats
29 creatures vanquished.

Notes
Turn   | Place    | Note
-------+----------+-------------------------------------------
     0 | D:1      | Metae the Minotaur Gladiator began the quest for the Orb.
     0 | D:1      | Reached XP level 1. HP: 18/18 MP: 0/0
    22 | D:1      | Reached skill level 3 in Fighting
    48 | D:1      | Reached XP level 2. HP: 26/26 MP: 1/1
   422 | D:1      | Reached skill level 4 in Fighting
  1044 | D:2      | Reached XP level 3. HP: 33/33 MP: 2/2
  1121 | D:2      | Found a hazy altar of Hepliaklqana.
  1167 | D:2      | Killed from afar by an orc priest

Levels and vault maps discovered:
D:1:      erik_arrival_cave_to_civilisation [erik_arrival_cave_to_hall],
          layout_basic
D:2:      cheibrodos_pilgrimage, layout_basic, overflow_temple_1_default,
          lemuel_coloured_pillars_altar

Skill      XL: |  1  2 |
---------------+-------+-----
Fighting       | 3 4 |  4.8
Polearms       | |  3.6
Throwing       | |  2.0
Dodging        | |  3.2

Action                   || total
-------------------------++-------
Melee: Trident           ||    69
       Headbutt          ||    13
 Stab: Sleeping          ||     1
  Eat: Chunk             ||     1
Armor: Leather armour    ||    27
Dodge: Dodged            ||    38
